 Dungeon Crawl Stone Soup version 0.31-a0-771-g505c3d19dc (webtiles) character file.

Game seed: 17960665862484984522

1046 greenreed the Trooper (level 8, -4/95 HPs)
             Began as an Ogre Shapeshifter on Sept 16, 2023.
             Was an Initiate of Yredelemnul.
             Slain by a hornet (14 damage)
             ... on level 5 of the Dungeon.
             The game lasted 00:13:08 (4794 turns).

greenreed the Trooper (Ogre Shapeshifter)           Turns: 4794, Time: 00:13:09

Health: -4/95      AC:  7    Str: 20    XL:     8   Next: 25%
Magic:  8/8        EV: 10    Int: 17    God:    Yredelemnul [......]
Gold:   208        SH:  5    Dex:  5    Spells: 7/7 levels left

rFire   x .          .
                       - Unarmed
rCold   . . .        (no shield)
rNeg    . . .        a - +0 animal skin
rPois   +            (helmet currently unavailable)
rElec   .            (cloak currently unavailable)
rCorr   +            (gloves unavailable)
SInv    .            (boots unavailable)
Will    .....        l - amulet of reflection
Stlth   +            k - ring of the Sheltering Gods {rPois rCorr AC+4 Int+2}
HPRegen 0.35/turn    (no ring)
MPRegen 0.11/turn

%: reflection
@: beast-form
A: beast (slay +2), large, unfitting armour, tough skin 1, clever 1, clumsy 1,
robust 1, heat vulnerability 1
a: Begin Untransformation, Renounce Religion, Recall Undead Harvest


You were on level 5 of the Dungeon.
You worshipped Yredelemnul.
Yredelemnul was noncommittal.
You were a hulking beast.
You visited 1 branch of the dungeon, and saw 5 of its levels.

You collected 208 gold pieces.

Inventory:

Hand Weapons
 i - a +2 trident of venom
Missiles
 o - a throwing net
Armour
 a - a +0 animal skin (worn)
Jewellery
 k - the ring of the Sheltering Gods (left hand) {rPois rCorr AC+4 Int+2}
   (You found it on level 4 of the Dungeon)

   [ring of protection]

   AC+4:      It affects your AC (+4).
   Int+2:     It affects your intelligence (+2).
   rPois:     It protects you from poison rCorr: It protects you from acid and
   corrosion.
 l - an amulet of reflection (around neck)
Talismans
 c - a beast talisman (active)
 d - a flux talisman
Wands
 n - a wand of digging (6)
 v - a wand of flame (4)
Scrolls
 f - 3 scrolls of identify {unknown}
 g - 3 scrolls of teleportation {unknown}
 h - a scroll of enchant weapon {unknown}
 m - a scroll of immolation
 p - a scroll of fear {unknown}
 s - a scroll of blinking {unknown}
 u - a scroll of vulnerability {unknown}
 w - a scroll of summoning {unknown}
 x - a scroll of acquirement {unknown}
Potions
 b - a potion of ambrosia {unknown}
 e - 2 potions of heal wounds {unknown}
 j - 2 potions of mutation
 q - a potion of curing {unknown}
 r - a potion of might {unknown}
 t - a potion of berserk rage {unknown}


   Skills:
 * Level 7.2 Fighting
 + Level 3.7 Dodging
 * Level 5.7 Unarmed Combat
 + Level 4.4 Shapeshifting


You had 7 spell levels left.
You didn't know any spells.
Your spell library contained the following spells:

 Spells                   Type           Power      Damage    Failure   Level
 Magic Dart               Conj           0%         1d3       24%         1
 Searing Ray              Conj           0%         2d4       34%         2
 Sublimation of Blood     Necr           0%         N/A       34%         2
 Wereblood                Tmut           0%         N/A       34%         2
 Tukima's Dance           Hex            0%         N/A       56%         3
 Volatile Blastmotes      Fire/Tloc      0%         2d10      56%         3
 Dimensional Bullseye     Hex/Tloc       0%         N/A       93%         4
 Fulminant Prism          Conj/Hex       0%         3d5       93%         4
 Iskenderun's Mystic Bla  Conj/Tloc      0%         2d3       93%         4
 Summon Hydra             Summ           0%         N/A       100%        7


Dungeon Overview and Level Annotations

Branches:
Dungeon (5/15)
 Temple: D:4-7

Altars:
Nemelex Xobeh
Sif Muna
Uskayaw
Vehumet
Yredelemnul
The Shining One

Annotations:
D:3 quakins's ghost, amateur TrSh


Innate Abilities, Weirdness & Mutations

You are a hulking beast.
Your limbs bulge with bestial killing power. (Slay +2)
You are too large for most types of armour.
You have tough skin. (AC +1)
Your mind is acute. (Int +4, Str/Dex -1)
You are clumsy. (Dex -2)
You are robust. (+10% HP)
You are vulnerable to heat. (rF-)


Message History

You hit the hornet.
The hornet is heavily wounded.
The hornet stings you.
You barely miss the hornet.
The hornet is heavily wounded.
The hornet barely misses you.
You hit the hornet but do no damage.
The hornet is heavily wounded.
The hornet stings you but does no damage.
You block the hornet's attack.
You hit the hornet.
The hornet is heavily wounded.
The hornet stings you.
You barely miss the hornet.
The hornet is heavily wounded.
The hornet stings you!
You punch the hornet!
The hornet is severely wounded.
The hornet stings you. The hornet stings you!
You feel yourself slow down.
You are too injured to fight recklessly!
You are too injured to fight recklessly!
You closely miss the hornet.
The hornet is severely wounded.
You feel yourself speed up. The hornet stings you!
* * * LOW HITPOINT WARNING * * *
The hornet closely misses you.
You miss the hornet.
The hornet is severely wounded.
The hornet closely misses you.
You closely miss the hornet.
The hornet is severely wounded.
The hornet stings you!
* * * LOW HITPOINT WARNING * * *
The hornet barely misses you.
It was a potion of mutation.
You feel extremely strange.
You feel clever.
You feel vulnerable to heat.
You feel clumsy.
You feel robust. The hornet stings you!
You die...
Your body rises from the dead as a mindless zombie.

.. ####.
..... ...
... #5#
#y# #h#
#.# #.#
#.# #.#
#.# #.#
#.########
#.##.....#


You could see a hornet and a white imp.

Vanquished Creatures
  The ghost of ooooo the Conjurer, an amateur OpCj (D:4)
  Sigmund (D:2)
  2 black bears
  A centaur (D:4)
  A jelly (D:4)
  Terence (D:2)
  An iguana (D:4)
  3 orc wizards
  2 sleepcaps
  4 gnolls (D:3)
  8 adders
  A white imp (D:4)
  An ufetubus (D:4)
  A dart slug (D:1)
  10 orcs
  8 endoplasms
  4 giant cockroaches
  3 hobgoblins (D:1)
  6 jackals
  4 kobolds
  A quokka (D:1)
  4 ball pythons
  7 bats
  3 frilled lizards
  11 goblins
  3 rats
92 creatures vanquished.

Vanquished Creatures (collateral kills)
  A bullfrog skeleton (D:3)
  An adder (D:3)
  A bat (D:3)
  A rat (D:3)
4 creatures vanquished.

Vanquished Creatures (others)
  2 adder zombies (D:3)
  A bat zombie (D:3)
  2 gnoll zombies (D:3)
  2 endoplasm zombies (D:3)
  A giant cockroach zombie (D:3)
  2 goblin zombies
  2 orc zombies (D:3)
  A rat zombie (D:3)
13 creatures vanquished.

Grand Total: 109 creatures vanquished

Notes
Turn   | Place    | Note
-------+----------+-------------------------------------------
     0 | D:1      | greenreed the Ogre Shapeshifter began the quest for the
                  | Orb.
     0 | D:1      | Reached XP level 1. HP: 19/19 MP: 1/1
   119 | D:1      | Reached skill level 2 in Fighting
   119 | D:1      | Reached XP level 2. HP: 15/28 MP: 2/2
   557 | D:1      | Reached XP level 3. HP: 36/36 MP: 3/3
   924 | D:2      | Noticed Sigmund
  1049 | D:2      | Noticed Terence
  1058 | D:2      | Killed Terence
  1059 | D:2      | Reached skill level 3 in Fighting
  1351 | D:2      | Reached XP level 4. HP: 45/45 MP: 4/4
  1662 | D:2      | You fall into a shaft and drop 2 floors!
  2009 | D:4      | Found a shimmering blue altar of Sif Muna.
  2015 | D:4      | Noticed a black bear
  2023 | D:4      | Killed a black bear
  2024 | D:4      | Reached skill level 4 in Fighting
  2024 | D:4      | Reached XP level 5. HP: 54/54 MP: 5/5
  2032 | D:4      | Reached XP level 6. HP: 63/63 MP: 6/6
  2280 | D:4      | Found a runed translucent door.
  2289 | D:4      | Noticed ooooo's ghost (amateur OpCj)
  2318 | D:4      | Killed ooooo's ghost
  2319 | D:4      | Reached skill level 5 in Fighting
  2319 | D:4      | Reached XP level 7. HP: 21/72 MP: 7/7
  2545 | D:4      | Identified the ring of the Sheltering Gods {rPois rCorr
                  | AC+4 Int+2}
  2600 | D:4      | Found a basalt altar of Yredelemnul.
  2630 | D:4      | Became a worshipper of Yredelemnul the Dark
  2940 | D:3      | Found a sparkling altar of Nemelex Xobeh.
  2946 | D:3      | Found a radiant altar of Vehumet.
  3040 | D:3      | Reached skill level 6 in Fighting
  3051 | D:3      | Reached skill level 5 in Unarmed Combat
  3054 | D:3      | Reached * piety under Yredelemnul
  3153 | D:3      | Found a hide-covered altar of Uskayaw.
  3312 | D:3      | Found a glowing golden altar of the Shining One.
  3483 | D:3      | Found a faded altar of an unknown god.
  3492 | D:3      | Reached ** piety under Yredelemnul
  3533 | D:3      | Found a transporter.
  3535 | D:3      | Noticed quakins's ghost (amateur TrSh)
  3540 | D:3      | Found a transporter.
  4397 | D:2      | Killed Sigmund
  4398 | D:2      | Reached XP level 8. HP: 77/84 MP: 8/8
  4603 | D:5      | Entered Level 5 of the Dungeon
  4612 | D:5      | Reached skill level 7 in Fighting
  4777 | D:5      | Noticed a hornet
  4794 | D:5      | Gained mutation: Your mind is acute. (Int +4, Str/Dex -1)
                  | [potion of mutation]
  4794 | D:5      | Gained mutation: You are vulnerable to heat. (rF-) [potion
                  | of mutation]
  4794 | D:5      | Gained mutation: You are clumsy. (Dex -2) [potion of
                  | mutation]
  4794 | D:5      | Gained mutation: You are robust. (+10% HP) [potion of
                  | mutation]
  4794 | D:5      | Slain by a hornet

Illustrated notes

Levels and vault maps discovered:
D:1:      matt_arrival_spirals, layout_loops_ring
D:2:      layout_basic, amcnicky_mini_corridor_feature, uniq_sigmund,
          uniq_terence
D:3:      layout_basic, mainiacjoe_overflow_alcove_1,
          mainiacjoe_overflow_chevrons, mainiacjoe_overflow_large_starburst,
          gammafunk_ghost_mausoleum, shapermc_ecumenical_altar_starsandcircs
D:4:      layout_basic, yredelemnul_altar_generic,
          mainiacjoe_overflow_concentric_impassable, ebering_ghost_inner_flame,
          minmay_misc_feat_plants
D:5:      layout_loops_ring, hangedman_decor_points

Skill      XL: |  1  2  3  4  5  6  7  8 |
---------------+-------------------------+-----
Fighting       | 2 3 4 5 6 7 |  7.2
Unarmed Combat | 3 4 5 |  5.7
Dodging        | 2 3 |  3.7
Shapeshifting  | 4 |  4.4

Action                     |  1- 3 |  4- 6 |  7- 9 || total
---------------------------+-------+-------+-------++-------
  Melee: Unarmed           |    83 |   110 |   143 ||   336
         Punch             |       |     1 |     5 ||     6
 Invoke: Recall Undead Har |       |       |     2 ||     2
    Use: Potion            |     1 |     2 |     1 ||     4
 Armour: Animal skin       |    70 |    69 |    88 ||   227
         Skin              |     1 |    36 |    12 ||    49
  Dodge: Dodged            |    53 |    38 |    51 ||   142
  Block: Other             |       |    17 |    32 ||    49
         Reflection        |       |       |     3 ||     3

Table legend: (Time is in decaauts)
 A = Elapsed time spent in this place.
 B = Non-inter-level travel time spent in this place.
 C = Inter-level travel time spent in this place.
 D = Time resting spent in this place.
 E = Time spent auto-exploring this place.
 F = Levels seen in this place.
 G = Mean time per level.
                   A        B        C        D        E       F      G
               +--------+--------+--------+--------+--------+-----+--------+
         Total |   4772 |   4403 |    369 |    812 |   2691 |   5 |  954.4 |
       Dungeon |   4772 |   4403 |    369 |    812 |   2691 |   5 |  954.4 |
               +--------+--------+--------+--------+--------+-----+--------+

Top non-repeatable levels by time:
     D:3: 1310 daAuts
     D:4: 1266 daAuts
     D:1: 1088 daAuts
     D:2: 917 daAuts
     D:5: 188 daAuts
